AoeStats
← ic.adelira

Arena

510924817Analyzed
4v4 RM · 12h ago on Oct 3, 2026· 51m 25s· 8 players
Game mode
Random Map
Map size
Large (8 player)
Population
200
Speed
Normal
Resources
Standard
Victory
Conquest
Starting age
Dark Age
Ending age
Imperial Age
RankedLock teamsTeams togetherTeam positionsShared explorationLock speedFull tech treeHidden civsTurbo modeCheats
Victory
Defeat
🇧🇴 Poles · Bolivia
1386
+7
🇧🇴 Cumans · Bolivia
1121
+16
🇧🇴 Armenians · Bolivia
1111
+17
🇧🇴 Byzantines · Bolivia
1070
+17
🇦🇺 Varangians · Australia
1182
-16
🇲🇽 Portuguese · Mexico
1144
-15
1112
-13
🇦🇷 Maya · Argentina
1092
-13
ic.adelira
10:16 Feudal Age
14:07 Castle Age
12:56 Double-Bit Axe
15:19 Bow Saw
16:07 Horse Collar
20:32 Fletching
21:39 Heavy Plow
23:17 Wheelbarrow
22:59 Town Watch
22:57 Crossbowman
23:41 Bodkin Arrow
23:47 Padded Archer Armor
26:03 Gold Mining
26:03 Stone Mining
26:31 Hand Cart
28:28 Ballistics
31:09 Imperial Age
29:09 Thumb Ring
31:16 Leather Archer Armor
33:02 Chemistry
31:30 Arbalester
32:18 Bracer
32:48 Ring Archer Armor
33:28 Crop Rotation
33:52 Conscription
34:14 Masonry
40:03 Two-Man Saw
44:10 Architecture
43:21 Treadmill Crane
43:08 Man-at-Arms
43:34 Gambesons
44:01 Pikeman
44:04 Long Swordsman
44:30 Halberdier
45:06 Two-Handed Swordsman
45:36 Two-Handed Swordsman
45:55 Two-Handed Swordsman
47:21 Loom
47:08 Champion
48:59 Scale Mail Armor
49:09 Forging
52:06 Iron Casting
51:47 Chain Mail Armor
ULIMA | I AM Chris Fernando
12:13 Feudal Age
16:08 Castle Age
14:08 Loom
14:58 Wheelbarrow
14:16 Double-Bit Axe
17:33 Crossbowman
33:13 Scale Mail Armor
35:33 Horse Collar
38:40 Bow Saw
39:20 Wheelbarrow
39:24 Bloodlines
39:35 Heavy Plow
42:01 Forging
42:33 Gold Mining
43:12 Scale Barding Armor
43:51 Iron Casting
45:52 Chain Barding Armor
45:50 Hand Cart
50:07 Fletching
Trollociraptor
11:07 Feudal Age
16:19 Castle Age
15:08 Double-Bit Axe
15:15 Horse Collar
16:07 Fletching
18:10 Bow Saw
21:39 Bodkin Arrow
22:45 Wheelbarrow
25:45 Scale Barding Armor
30:03 Chain Barding Armor
30:52 Forging
31:59 Iron Casting
LuchooOo
10:18 Feudal Age
9:56 Loom
11:11 Double-Bit Axe
14:44 Forging
14:56 Scale Mail Armor
22:05 Fletching
26:46 Horse Collar
28:47 Wheelbarrow
32:36 Castle Age
30:37 Gold Mining
31:55 Town Watch
32:03 Stone Mining
32:18 Padded Archer Armor
33:43 Bow Saw
33:34 Heavy Plow
34:11 Stone Shaft Mining
34:37 Iron Casting
34:02 Bodkin Arrow
35:19 Chain Mail Armor
35:37 Squires
38:26 Eagle Warrior
40:10 Leather Archer Armor
41:29 Iron Casting
42:03 Thumb Ring
45:45 Imperial Age
44:44 Hand Cart
45:18 Pikeman
46:32 Ballistics
46:49 Conscription
47:59 Blast Furnace
46:38 Capped Ram
48:00 Plate Mail Armor
48:43 Elite Eagle Warrior
52:28 Two-Man Saw
†Liz4ndr0†
10:53 Feudal Age
11:20 Double-Bit Axe
11:15 Horse Collar
17:48 Castle Age
16:27 Gold Mining
18:48 Bow Saw
18:39 Heavy Plow
19:17 Stone Mining
22:00 Stone Shaft Mining
23:53 Loom
24:25 Squires
26:12 Forging
26:03 Scale Mail Armor
26:54 Wheelbarrow
27:57 Hand Cart
29:09 Gold Shaft Mining
31:48 Imperial Age
29:59 Fletching
30:10 Padded Archer Armor
30:41 Elite Skirmisher
31:27 Thumb Ring
31:18 Bodkin Arrow
33:01 Bracer
33:16 Leather Archer Armor
34:33 Ballistics
35:44 Ring Archer Armor
37:06 Two-Man Saw
36:40 Crop Rotation
37:41 Conscription
38:00 Iron Casting
39:56 Chemistry
40:00 Chain Mail Armor
40:40 Scale Barding Armor
44:08 Plate Mail Armor
43:58 Chain Barding Armor
47:06 Plate Barding Armor
47:25 Pikeman
47:51 Arson
47:29 Man-at-Arms
47:55 Gambesons
48:32 Halberdier
48:44 Elite Cataphract
50:55 Long Swordsman
Codiman
12:39 Feudal Age
12:11 Loom
13:02 Horse Collar
17:32 Castle Age
19:21 Wheelbarrow
18:41 Double-Bit Axe
18:59 Heavy Plow
20:02 Loom
21:41 Town Watch
23:27 Hand Cart
24:04 Scale Barding Armor
24:44 Gold Mining
24:45 Stone Mining
25:17 Chain Barding Armor
25:08 Forging
26:19 Szlachta Privileges
27:34 Iron Casting
27:55 Bow Saw
31:38 Imperial Age
29:45 Light Cavalry
30:36 Bloodlines
30:26 Husbandry
30:19 Fletching
31:54 Winged Hussar
33:49 Lechitic Legacy
34:56 Blast Furnace
35:33 Bodkin Arrow
40:10 Bracer
El_Pairus
7:48 Loom
10:55 Feudal Age
12:28 Horse Collar
16:59 Double-Bit Axe
21:47 Gold Mining
23:27 Fletching
26:48 Castle Age
27:06 Wheelbarrow
26:17 Town Watch
26:56 Bloodlines
26:59 Forging
26:54 Scale Barding Armor
32:34 Castle Age
30:23 Town Watch
33:20 Heavy Plow
39:34 Bodkin Arrow
40:10 Hand Cart
40:17 Bow Saw
45:06 Imperial Age
42:37 Town Patrol
42:58 Scale Mail Armor
43:50 Gold Shaft Mining
44:54 Iron Casting
44:34 Chain Mail Armor
44:39 Chain Barding Armor
44:15 Pikeman
44:56 Squires
45:31 Ballistics
45:19 Steppe Husbandry
44:41 Light Cavalry
46:45 Conscription
46:09 Hussar
48:29 Blast Furnace
48:36 Crop Rotation
49:18 Two-Man Saw
49:53 Plate Barding Armor
49:59 Elite Steppe Lancer
"$uckov"
10:29 Feudal Age
10:31 Man-at-Arms
11:32 Long Swordsman
14:19 Loom
18:15 Pikeman
19:34 Forging
27:31 Castle Age
27:04 Scale Mail Armor
27:17 Bloodlines
28:28 Scale Barding Armor
29:06 Husbandry
29:29 Chain Barding Armor
29:50 Wheelbarrow
30:21 Double-Bit Axe
30:19 Horse Collar
33:01 Iron Casting
32:44 Gold Mining
38:19 Crossbowman
38:51 Fletching
40:27 Bow Saw
41:38 Hand Cart
41:48 Hand Cart
41:55 Bodkin Arrow
42:24 Halberdier
42:28 Light Cavalry
43:41 Heavy Plow
46:18 Imperial Age
44:45 Padded Archer Armor
45:07 Ballistics
45:12 Masonry
45:29 Town Watch
46:12 Chain Mail Armor
45:59 Squires
46:45 Murder Holes
48:30 Chemistry
48:32 Blast Furnace
47:51 Arbalester
48:34 Bracer
48:16 Treadmill Crane
50:43 Gold Shaft Mining
51:36 Leather Archer Armor
51:30 Town Patrol
50:58 Cavalier
Connection lost

Rejoining the realm…

Still unreachable

The connection could not be restored.

Session expired

The server has moved on; the page needs a fresh start.